 Dungeon Sprint DCSS version 0.30-a0-371-gad7725a93e (webtiles) character file.

Game seed: 6396460050780284313

49 mhtbhm the Covered (level 3, -7/54 HPs)
             Began as an Armataur Fighter on Nov 20, 2022.
             Mangled by a cane toad (11 damage)
             ... in the Dungeon (Sprint VII: "The Pits").
             The game lasted 00:00:16 (30 turns).

mhtbhm the Covered (Armataur Fighter)                 Turns: 30, Time: 00:00:16

Health: -7/54      AC:  7    Str: 23    XL:     3   Next: 53%
Magic:  3/3        EV:  7    Int:  8    God:
Gold:   0          SH:  4    Dex:  9    Spells: 2/2 levels left

rFire   . . .      SeeInvis .    a - +0 war axe
rCold   . . .      Faith    .    c - +0 buckler
rNeg    . . .      Spirit   .    b - +0 scale mail
rPois   .          Reflect  .    (no helmet)
rElec   .          Harm     .    (no cloak)
rCorr   .          Roll     +    (no gloves)
Will    .....      NoTele   +    (no barding)
Stlth   ..........               (no amulet)
HPRegen 0.29/turn                (no ring)
MPRegen 0.08/turn                (no ring)

@: berserking, very quick
A: large, rugged brown scales 3, deformed body, armoured tail, roll, long
tongue, awkward tongue
a: no special abilities


You were in the Dungeon.
You visited 1 branch

Inventory:

Hand Weapons
 a - a +0 war axe (weapon)
Armour
 b - a +0 scale mail (worn)
 c - a +0 buckler (worn)
Scrolls
 j - a scroll of blinking
Potions
 d - a potion of might
 e - a potion of curing
 f - a potion of heal wounds
 g - a potion of haste
 h - 2 potions of magic


   Skills:
 + Level 4.4 Fighting
 + Level 2.4 Axes
 + Level 5.8 Armour
 + Level 0.1 Dodging
 + Level 5.3 Shields


You had 2 spell levels left.
You didn't know any spells.
Your spell library was empty.

Dungeon Overview and Level Annotations

Branches:
Dungeon (1/1)

Altars:


Innate Abilities, Weirdness & Mutations

You are completely covered in rugged brown scales. (AC +3, +7% HP)
Armour fits poorly on your strangely shaped body.
You have a long armoured tail.
You roll when moving toward enemies. (Rampage)
Your long tongue fully drains potion bottles. (2x potion effects)
Your tongue gives you trouble enunciating. (1.5x scroll delay)


Message History

Unknown command.
You slash the orc wizard!
The orc wizard is almost dead.
The orc wizard points at you and mumbles some strange words.
The puff of flame hits you.
You slice the orc wizard!!
You kill the orc wizard!
You slash the cane toad! The cane toad closely misses you.
Your Fighting skill increases to level 4!
Your Shields skill increases to level 5!
You have reached level 3!
Your experience leads to an increase in your attributes!
Increase (S)trength, (I)ntelligence, or (D)exterity?
You feel stronger. x2
Unknown command.
You hit the cane toad.
The cane toad is moderately wounded.
You closely miss the orc. The cane toad stings you!!
You block the orc's attack.
The cane toad stings you but does no damage.
You closely miss the cane toad.
The cane toad is moderately wounded.
You closely miss the orc wizard. You barely miss the orc.
The orc wizard hits you with a +0 dagger.
The orc hits you but does no damage. The cane toad stings you!
Unknown command.
You slash the cane toad!
The cane toad is severely wounded.
You miss the orc wizard. You closely miss the orc.
The orc wizard points at you and mumbles some strange words.
You resist with significant effort. You block the orc's attack.
The cane toad stings you!
* * * LOW HITPOINT WARNING * * *
You closely miss the cane toad.
The cane toad is severely wounded.
You slash the orc wizard! You closely miss the orc.
The orc hits you but does no damage.
The orc wizard hits you but does no damage.
The cane toad stings you!
You die...

#................#
####'#####''######
#.......##''#
#.......##..#
#.......##..#
#...<...##..# #
#.......##..# .###
#.......##..#....##
#.......##.@oD....#
##########.oF.....+
#..'.....#
#..#....##
#..#..### #..####
#..# #..#


You could see a cane toad, a steam dragon, an orc wizard and an orc.

Vanquished Creatures
  2 orc wizards (D)
2 creatures vanquished.

Notes
Turn   | Place    | Note
-------+----------+-------------------------------------------
     0 | D        | mhtbhm the Armataur Fighter began the quest for the Orb.
     0 | D        | Reached XP level 1. HP: 19/19 MP: 1/1
    21 | D        | Noticed a steam dragon
    21 | D        | Noticed an orc wizard
    21 | D        | Noticed an orc wizard
    21 | D        | Noticed an orc wizard
    21 | D        | Noticed a cane toad
    24 | D        | Killed an orc wizard
    25 | D        | Reached skill level 5 in Armour
    25 | D        | Reached XP level 2. HP: 28/28 MP: 2/2
    27 | D        | Reached skill level 5 in Shields
    27 | D        | Reached XP level 3. HP: 36/36 MP: 3/3
    30 | D        | Mangled by a cane toad

Illustrated notes

Levels and vault maps discovered:
D:        pitsprint [storerooms_1, entrance_room_1, metal_vault_1, armoury_1,
          mini_pit_1, grid_room_1, main_hall_1, silver_pit, the_coven_3,
          the_vestibule_1, steel_vault_5, golden_pit, hallway_of_sentries,
          crystal_vault_6, iron_vault_5, final_vault]

Skill      XL: |  1  2 |
---------------+-------+-----
Fighting       | 3 4 |  4.4
Axes           | 2 |  2.4
Armour         | 5 |  5.8
Shields        | 4 5 |  5.3
Dodging        | |  0.1

Action                   || total
-------------------------++-------
Melee: War axe           ||     8
  Use: Potion            ||     1
Armor: Scale mail        ||     5
Dodge: Dodged            ||     1
Block: Buckler           ||     2

Table legend: (Time is in decaauts)
 A = Elapsed time spent in this place.
 B = Non-inter-level travel time spent in this place.
 C = Inter-level travel time spent in this place.
 D = Time resting spent in this place.
 E = Time spent auto-exploring this place.
 F = Levels seen in this place.
 G = Mean time per level.
                   A        B        C        D        E       F      G
               +--------+--------+--------+--------+--------+-----+--------+
         Total |     29 |     29 |      0 |      0 |     21 |   1 |   29.0 |
       Dungeon |     29 |     29 |      0 |      0 |     21 |   1 |   29.0 |
               +--------+--------+--------+--------+--------+-----+--------+

Top non-repeatable levels by time:
       D: 29 daAuts
